 Dungeon Crawl Stone Soup version 0.25-a0-36-g303dd5b1f4 (webtiles) character file.

Game seed: 5645825676069077169, levelgen mode: deterministic

8145 Froggeryz the Zephyrmancer (level 11, -3/79 HPs)
             Began as a Purple Draconian Air Elementalist on Oct 20, 2019.
             Was a Priest of Sif Muna.
             Slain by a spiny frog (21 damage)
             ... on level 1 of the Lair of Beasts.
             The game lasted 00:30:13 (12364 turns).

Froggeryz the Zephyrmancer (DrAE)                  Turns: 12364, Time: 00:30:14

Health: -3/79      AC:  8    Str: 12    XL:     11   Next: 6%
Magic:  2/25       EV: 16    Int: 18    God:    Sif Muna [***...]
Gold:   647        SH:  0    Dex: 11    Spells: 22/30 levels left

rFire    . . .     SeeInvis .   f - +0 dagger (venom)
rCold    . . .     Gourm    .   (no shield)
rNeg     . . .     Faith    .   (armour unavailable)
rPois    .         Spirit   .   (helmet restricted)
rElec    .         Reflect  .   (no cloak)
rCorr    .         Harm     .   x - +0 pair of gloves
MR       ++...                  (no boots)
Stlth    ++........             (no amulet)
HPRegen  0.23/turn              a - +4 ring of evasion
MPRegen  0.19/turn              r - ring of protection from magic

@: no status effects
A: breathe power, unfitting armour, cold-blooded, AC +7
a: Breathe Dispelling Energy, Channel Magic, Forget Spell, Renounce Religion


You were on level 1 of the Lair of Beasts.
You worshipped Sif Muna.
Sif Muna was most pleased with you.
You were near starving.

You visited 2 branches of the dungeon, and saw 10 of its levels.

You collected 919 gold pieces.
You spent 272 gold pieces at shops.

Inventory:

Hand Weapons
 f - a +0 dagger of venom (weapon)
 u - a +0 hand axe of holy wrath
Missiles
 e - 2 throwing nets
 g - 3 atropa-tipped darts (quivered)
Armour
 i - a +1 shield
 x - a +0 pair of gloves (worn)
Jewellery
 a - a +4 ring of evasion (left hand)
 d - an uncursed ring of magical power {unknown}
 r - a ring of protection from magic (right hand)
 A - an uncursed ring of magical power {unknown}
Wands
 v - a wand of clouds (1)
 w - a wand of polymorph (10)
 z - a wand of random effects (14)
 B - a wand of disintegration (12)
Scrolls
 l - 2 scrolls of immolation {unknown}
 o - 2 scrolls of magic mapping {unknown}
 p - 6 scrolls of remove curse
 q - 2 scrolls of blinking
 s - 3 scrolls of fog {unknown}
 y - 7 scrolls of identify
Potions
 c - 3 potions of flight
 h - a potion of degeneration {unknown}
 j - 2 potions of resistance {unknown}
 k - a potion of cancellation {unknown}
 m - 5 potions of brilliance
 n - 4 potions of curing
 t - 2 potions of might {unknown}
Comestibles
 b - 23 rations


   Skills:
 + Level 2.1 Fighting
 - Level 1.7 Dodging
 - Level 1.7 Stealth
 - Level 10.0 Spellcasting
 + Level 8.7 Conjurations
 - Level 10.0 Air Magic
 + Level 7.5 Invocations


You had 22 spell levels left.
You knew the following spells:

 Your Spells              Type           Power        Failure   Level  Hunger
a - Shock                 Conj/Air       ####         1%          1    None
b - Static Discharge      Conj/Air       #####...     1%          3    None
c - Airstrike             Air            #####.....   1%          4    ###....

Your spell library contained the following spells:

 Spells                   Type           Power        Failure   Level  Hunger
 Swiftness                Chrm/Air       ####....     1%          2    None
 Lightning Bolt           Conj/Air       #####.....   4%          5    #####..


Dungeon Overview and Level Annotations

Branches:
Dungeon (9/15)             Temple (0/1) D:7            Lair (1/6) D:8
    Orc: D:9-12

Altars:
Ashenzari
Elyvilon
Kikubaaqudgha
Makhleb
Nemelex Xobeh
Okawaru
Ru
Sif Muna
Wu Jian
Zin
The Shining One

Shops:
D:5 *   D:6 !   D:9 ?

Annotations:
D:1 1 runed translucent door
Lair:1 1 transporter, Ytsaiv's ghost, journeyman OpEE


Innate Abilities, Weirdness & Mutations

You can breathe bolts of dispelling energy.
Your rich purple scales are hard. (AC +7)
You cannot fit into any form of body armour.
You are cold-blooded and may be slowed by cold attacks.


Message History

The spriggan closely misses the spiny frog.
The spiny frog barely misses you.
Casting: Airstrike (safe; 1% risk of failure)
Confirm with . or Enter, or press ? or * to list all spells.
Aiming: Airstrike (safe; 1% risk of failure)
Press: ? - help, Dir - move target cursor, f/p - spiny frog
Aim: a spiny frog (noxious fumes, severely wounded)
The air twists around and strikes the spiny frog.
The spiny frog is almost dead.
You are near starving!
The spriggan is engulfed in noxious fumes.
The spriggan appears confused.
The spriggan closely misses the spiny frog.
The spiny frog stings you!
* * * LOW HITPOINT WARNING * * *
Unknown command.
Unknown command.
Okay, then.
You feel better. The spiny frog stings you!!
You die...

..............#+.P###.#..........
.................................
.................................
...................).............
....##########.(....#############
##### ######## # ♣♣♣♣♣♣ ♣♣♣♣♣♣
♣♣♣..).♣♣♣♣♣♣♣.@Fi♣
♣♣..♣♣♣....♣♣...♣♣§§§.... ..♣♣♣
♣♣♣♣...♣♣♣♣ ♣♣♣♣♣♣. .♣♣ ♣♣♣♣♣ ♣♣


You could see a spiny frog and a spriggan (confused).

Vanquished Creatures
  Harold (D:8)
  A troll (D:9)
  Prince Ribbit (D:7)
  4 hippogriffs
  Sigmund (D:2)
  3 spriggans (Lair:1)
  A basilisk (Lair:1)
  A human (D:8)
  3 yaks
  3 hogs (D:8)
  Menkaure (D:7)
  3 water moccasins
  A black bear (D:7)
  An orc warrior (D:7)
  2 phantoms
  5 ogres
  5 centaurs
  3 big kobolds
  12 bullfrogs
  5 scorpions
  7 wights
  4 howler monkeys
  3 electric eels (Lair:1)
  6 crimson imps
  A centaur zombie (D:6)
  4 hounds
  A quasit (D:6)
  2 orc wizards
  A centaur skeleton (D:5)
  2 jellies (D:7)
  3 orc priests
  A bullfrog skeleton (D:6)
  2 iguanas
  8 worker ants
  2 worker ant zombies
  11 adders
  8 gnolls
  2 shadow imps
  An adder skeleton (D:8)
  An adder zombie (D:5)
  2 worms
  6 leopard geckos
  35 orcs
  3 ball pythons
  9 bats
  5 giant cockroaches
  12 goblins
  14 hobgoblins
  2 jackals (D:7)
  4 quokkas
  4 frilled lizards
  14 kobolds
  2 quokka skeletons
  A quokka zombie (D:5)
  5 rats
245 creatures vanquished.

Notes
Turn   | Place    | Note
-------+----------+-------------------------------------------
     0 | D:1      | Froggeryz the Draconian Air Elementalist began the quest
                  | for the Orb.
     0 | D:1      | Reached XP level 1. HP: 14/14 MP: 3/3
     1 | D:1      | Found a runed translucent door.
   200 | D:1      | Reached XP level 2. HP: 14/20 MP: 0/5
  1183 | D:1      | Reached XP level 3. HP: 24/26 MP: 6/6
  1235 | D:1      | Learned a level 3 spell: Static Discharge
  1544 | D:2      | Noticed Sigmund
  1545 | D:2      | Noticed a bullfrog
  2214 | D:3      | Reached XP level 4. HP: 32/33 MP: 6/8
  2800 | D:2      | Found a sparkling altar of Nemelex Xobeh.
  2812 | D:2      | Found an ancient bone altar of Kikubaaqudgha.
  3094 | D:2      | Found a glowing golden altar of the Shining One.
  3206 | D:4      | Noticed a phantom
  3297 | D:4      | Killed a phantom
  3297 | D:4      | Reached XP level 5. HP: 16/38 MP: 0/9
  3430 | D:4      | You fall into a shaft and drop 3 floors!
  3643 | D:6      | Reached XP level 6. HP: 31/45 MP: 1/10
  3871 | D:5      | Entered Level 5 of the Dungeon
  3930 | D:5      | Reached skill level 5 in Air Magic
  3938 | D:5      | Found Yrchaberr's Assorted Antiques.
  3954 | D:5      | Bought a scroll labeled MOSKAO WESCHUCO for 35 gold pieces
  3955 | D:5      | Bought a scroll labeled BIBLAE DISOPS for 35 gold pieces
  3955 | D:5      | Bought a scroll labeled CUDUZUOMYT for 35 gold pieces
  4192 | D:5      | Found a shimmering blue altar of Sif Muna.
  4193 | D:5      | Found a white marble altar of Elyvilon.
  4193 | D:5      | Found an iron altar of Okawaru.
  4219 | D:5      | Became a worshipper of Sif Muna the Loreminder
  4338 | D:5      | Found an ornate altar of the Wu Jian Council.
  4371 | D:5      | Your scales start taking on a rich purple colour.
  4371 | D:5      | Reached XP level 7. HP: 30/50 MP: 0/12
  4413 | D:5      | Reached skill level 5 in Conjurations
  5200 | D:2      | Killed Sigmund
  5200 | D:2      | Reached skill level 5 in Spellcasting
  5326 | D:4      | Reached XP level 8. HP: 40/57 MP: 14/16
  5405 | D:4      | Reached * piety under Sif Muna
  6031 | D:6      | Found a shattered altar of Ashenzari.
  6361 | D:6      | Learned a level 4 spell: Airstrike
  6662 | D:6      | Found a glowing silver altar of Zin.
  6666 | D:6      | Found Siov's Distillery.
  6680 | D:6      | Bought a potion of heal wounds for 55 gold pieces
  7014 | D:7      | Reached ** piety under Sif Muna
  7242 | D:7      | Noticed Prince Ribbit
  7249 | D:7      | Killed Prince Ribbit
  7249 | D:7      | Reached XP level 9. HP: 43/62 MP: 8/21
  8141 | D:7      | Found a staircase to the Ecumenical Temple.
  8270 | D:7      | Reached skill level 10 in Air Magic
  8293 | D:7      | Noticed Menkaure
  8299 | D:7      | Killed Menkaure
  8299 | D:7      | Reached skill level 1 in Invocations
  8665 | D:7      | Found a sacrificial altar of Ru.
  9117 | D:8      | Found a staircase to the Lair.
  9142 | D:8      | Reached XP level 10. HP: 63/69 MP: 23/23
  9377 | D:8      | Noticed Harold
  9385 | D:8      | Reached *** piety under Sif Muna
  9402 | D:8      | Killed Harold
  9822 | D:8      | Reached skill level 5 in Invocations
 10183 | D:8      | Found a burning altar of Makhleb.
 11011 | D:9      | Found Laosch's Magic Scroll Boutique.
 11019 | D:9      | Bought a scroll of blinking for 112 gold pieces
 11475 | Lair:1   | Entered Level 1 of the Lair of Beasts
 11549 | Lair:1   | Reached skill level 10 in Spellcasting
 11934 | Lair:1   | Reached skill level 1 in Fighting
 12177 | Lair:1   | Identified the +2 trident of Butchery {protect, Str+2
                  | Int+2}
 12177 | Lair:1   | Noticed a spriggan rider
 12179 | Lair:1   | Noticed Ytsaiv's ghost (journeyman OpEE)
 12179 | Lair:1   | Noticed a moth of wrath
 12182 | Lair:1   | Found a transporter.
 12240 | Lair:1   | Reached XP level 11. HP: 37/78 MP: 14/25
 12364 | Lair:1   | Slain by a spiny frog

Levels and vault maps discovered:
D:1:      dpeg_arrival_caged_fury, layout_basic
D:2:      layout_basic, lemuel_round_altar, old_standard_altar, tso_altar,
          uniq_sigmund
D:3:      layout_loops_cross
D:4:      layout_loops_ring, first_ration, minmay_joined_circles
D:5:      layout_basic, nicolae_overflow_crystal_walls,
          gammafunk_temple_overflow_forgotten, serial_shops, shop
D:6:      layout_loops_ring, kennysheep_little_box, zin_academy, serial_shops,
          kennysheep_mini_moat
D:7:      minmay_polygon_palace, layout_basic, lemuel_crystal_altar,
          minmay_temple_entry_proselytizer, uniq_prince_ribbit1, uniq_menkaure
D:8:      layout_basic, marbit_many_paths, lair_entry_dummy, grunt_livestock,
          uniq_harold
D:9:      layout_irregular_city, serial_shops, shop, corexii_checkpoint_a,
          nicolae_two_hexagons
Lair:1:   kb_forest_paths, layout_chaotic_city,
          gammafunk_ghost_wrathful_warriors, disabler_island

Skill      XL: |  1  2  3  4  5  6  7  8  9 10 11 |
---------------+----------------------------------+-----
Conjurations   | 2 3 4 5 6 8 |  8.7
Spellcasting   | 3 5 8 9 10 | 10.0
Air Magic      | 4 5 7 8 10 | 10.0
Invocations    | 3 7 |  7.5
Fighting       | 1 2 |  2.1
Dodging        | |  1.7
Stealth        | |  1.7

Action                   |  1- 3 |  4- 6 |  7- 9 | 10-12 || total
-------------------------+-------+-------+-------+-------++-------
Melee: Unarmed           |    93 |       |       |       ||    93
       Tailslap          |    19 |    17 |    38 |    13 ||    87
       Dagger            |   128 |   190 |   331 |   119 ||   768
       Hand axe          |       |       |    35 |       ||    35
Throw: Dart              |       |     3 |     3 |       ||     6
 Cast: Shock             |    20 |    60 |    68 |    36 ||   184
       Static Discharge  |     4 |     6 |    19 |    21 ||    50
       Airstrike         |       |       |    26 |    35 ||    61
Evoke: Wand              |       |       |       |     3 ||     3
  Use: Potion            |     1 |       |     2 |     1 ||     4
       Scroll            |       |     9 |     4 |     1 ||    14
 Stab: Sleeping          |     2 |     1 |     7 |     2 ||    12
  Eat: Chunk             |     5 |     8 |    18 |     8 ||    39
       Ration            |       |       |       |     1 ||     1
Armor: Skin              |    56 |    39 |    84 |    43 ||   222
Dodge: Dodged            |   208 |   137 |   315 |   146 ||   806

Table legend:
 A = Non-vault XP
 B = Vault XP
 C = Vault XP percentage of total XP
 D = Non-vault monster count
 E = Vault monster count
 F = Vault count percentage of total count
                 A         B        C        D         E       F
            +---------+---------+-------+---------+---------+-------
      Total |    6363 |    5273 |  45.3 |     205 |      40 |  16.3
            +---------+---------+-------+---------+---------+-------
        D:1 |      59 |       0 |   0.0 |      28 |       0 |   0.0
        D:2 |     115 |     220 |  65.7 |      11 |       1 |   8.3
        D:3 |      53 |       0 |   0.0 |      22 |       0 |   0.0
        D:4 |     418 |     241 |  36.6 |      16 |      10 |  38.5
        D:5 |     477 |       0 |   0.0 |      16 |       0 |   0.0
        D:6 |     680 |       0 |   0.0 |      23 |       0 |   0.0
        D:7 |    1426 |    1591 |  52.7 |      40 |      14 |  25.9
        D:8 |     575 |    1974 |  77.4 |      22 |       6 |  21.4
        D:9 |    2012 |       2 |   0.1 |      24 |       1 |   4.0
     Lair:1 |     548 |    1245 |  69.4 |       3 |       8 |  72.7
            +---------+---------+-------+---------+---------+-------
